 Dungeon Crawl Stone Soup version 0.14-a0-1773-ge500af7 (webtiles) character file.

646 HollowCharge the Firebug (level 6, -7/55 HPs)
             Began as a Djinni Fire Elementalist on Jan 6, 2014.
             Mangled by an ogre
             ... wielding a +0,+0 giant club
              (10 damage)
             ... on Level 5 of the Dungeon.
             The game lasted 00:33:38 (5894 turns).

HollowCharge the Firebug (Djinni Fire Elementalist) Turns: 5894, Time: 00:33:38

HP  -7/55        AC  9     Str  9      XL: 6   Next: 84%
MP   0/0         EV  9     Int 17      God:
Gold 171         SH  0     Dex 13      Spells:  4 memorised,  6 levels left

rFire  + + +     SeeInvis .     v - staff of conjuration
rCold  x . .     Clarity  .     l - +2 swamp dragon armour
rNeg   + + +     Conserve .     (no shield)
rPois  +         rCorr    .     (no helmet)
rElec  .         rRot     .     (no cloak)
SustAb + .       Spirit   .     (no gloves)
rMut   .         Warding  .     (boots unavailable)
Saprov . . .     Stasis   .     (no amulet)
                                (no ring)
                                h - ring of sustain abilities

@: about to teleport, flying, very slightly contaminated, slightly resistant to
hostile enchantments, unstealthy
A: fire immunity, cold vulnerability, life protection 3
a: no special abilities


You were on level 5 of the Dungeon.
You were not hungry.

You visited 1 branch of the dungeon, and saw 5 of its levels.

You collected 171 gold pieces.

Inventory:

Hand weapons
 e - a +1,+1 orcish falchion
Armour
 l - a +2 swamp dragon armour (worn)
Scrolls
 d - a scroll of magic mapping {unknown}
 g - 2 scrolls of immolation {unknown}
 i - a scroll of curse jewellery {unknown}
 m - a scroll of amnesia
 n - 3 scrolls of remove curse {unknown}
 q - a scroll of noise {unknown}
 u - a scroll of enchant armour {unknown}
Jewellery
 h - a ring of sustain abilities (left hand)
 k - an uncursed ring of sustain abilities
Potions
 a - a potion of confusion {unknown}
 c - 3 potions of resistance {unknown}
 f - 5 potions of curing {unknown}
 j - 2 potions of heal wounds {unknown}
 o - 2 potions of might {unknown}
 p - 2 potions of restore abilities {unknown}
 r - a potion of invisibility {unknown}
 t - a potion of flight {unknown}
 w - a potion of speed {unknown}
Books
 b - a book of Flames

   Spells                             Type                      Level
   *Flame Tongue                      Conjuration/Fire             1
   *Throw Flame                       Conjuration/Fire             2
   *Conjure Flame                     Conjuration/Fire             3
   *Inner Flame                       Hexes/Fire                   3
   Sticky Flame                       Conjuration/Fire             4
   Fireball                           Conjuration/Fire             5
Magical staves
 v - an uncursed staff of conjuration (weapon)


   Skills:
 - Level 1.0 Fighting
 + Level 3.4 Dodging
 - Level 1.5 Stealth
 * Level 5.2 Spellcasting
 - Level 2.2 Conjurations
 * Level 6.6 Fire Magic


You had 6 spell levels left.
You knew the following spells:

 Your Spells              Type           Power        Failure   Level  Hunger
a - Flame Tongue          Conj/Fire      ####.        6%          1    None
b - Throw Flame           Conj/Fire      ####..       10%         2    #......
c - Conjure Flame         Conj/Fire      ####....     14%         3    ###....
d - Inner Flame           Hex/Fire       ###.....     21%         3    ###....


Dungeon Overview and Level Annotations

Branches:
Dungeon (5/16)
 Temple: D:4-7

Altars:
Okawaru

Annotations:
D:4 Menkaure


Innate Abilities, Weirdness & Mutations

You are immune to all types of fire, even holy and hellish.
You are vulnerable to cold.
You need no food.
You have no legs.
You are immune to negative energy.


Message History

Aim: an ogre, wielding a giant club (heavily wounded)
You feel a surge of power!
The flame hits the ogre.
The ogre is severely wounded.
The ogre closely misses you. The crimson imp closely misses you.
Casting: Flame Tongue
Confirm with . or Enter, or press ? or * to list all spells.
Aiming: Flame Tongue
Press: ? - help, Shift-Dir - straight line, f/p - ogre
Aim: an ogre, wielding a giant club (severely wounded)
You feel a surge of power!
The flame hits the ogre.
The ogre is almost dead.
The crimson imp barely misses you. The ogre barely misses you.
Casting: Flame Tongue
Confirm with . or Enter, or press ? or * to list all spells.
You don't have enough magic to cast that spell.
Unknown command.
As you read the scroll of teleportation, it crumbles to dust.
You feel strangely unstable. The crimson imp closely misses you.
The ogre hits you with a giant club!
You die...

#####...##########
..%..%...............
.......<..............
.......................
........................
........................
........................
........(.......O.!(.....
...............5@........
...).....................
........................
#######################


You could see an ogre and a crimson imp.

Vanquished Creatures
  Blork the orc (D:4)
  2 hounds (D:4)
  4 orc priests
  A giant frog skeleton (D:4)
  2 worker ants (D:4)
  Terence (D:3)
  5 adders
  4 worms
  3 giant geckos
  An ooze (D:1)
  9 orcs
  A ball python (D:1)
  9 hobgoblins
  11 kobolds
  8 bats
  A giant cockroach (D:4)
  2 giant newts
  A gnoll skeleton (D:4)
  10 goblins
  7 rats
83 creatures vanquished.

Notes
Turn   | Place    | Note
--------------------------------------------------------------
     0 | D:1      | HollowCharge, the Djinni Fire Elementalist, began the quest for the Orb.
     0 | D:1      | Reached XP level 1. HP: 14/14 MP: 0/0
    57 | D:1      | Found an iron altar of Okawaru.
   386 | D:1      | Reached XP level 2. EP: 12/22
  1079 | D:2      | Learned a level 2 spell: Throw Flame
  1142 | D:2      | Reached XP level 3. EP: 8/27
  1864 | D:2      | Learned a level 3 spell: Conjure Flame
  2189 | D:3      | Reached XP level 4. EP: 36/36
  2230 | D:3      | Noticed Terence
  2702 | D:2      | Reached skill level 5 in Fire Magic
  3477 | D:2      | Reached XP level 5. EP: 33/44
  3614 | D:3      | Killed Terence
  3614 | D:3      | Reached skill level 1 in Fighting
  4681 | D:4      | Noticed Blork the orc
  4693 | D:4      | Killed Blork the orc
  4693 | D:4      | Reached skill level 6 in Fire Magic
  4693 | D:4      | Reached XP level 6. EP: 5/54
  5117 | D:4      | Noticed Menkaure
  5133 | D:5      | Entered Level 5 of the Dungeon
  5564 | D:5      | Reached skill level 5 in Spellcasting
  5802 | D:5      | Learned a level 3 spell: Inner Flame
  5894 | D:5      | Mangled by an ogre

Action                   |  1- 3 |  4- 6 || total
-------------------------+-------+-------++-------
Melee: Falchion          |    82 |    51 ||   133
       Staff             |       |    13 ||    13
 Cast: Flame Tongue      |    36 |    96 ||   132
       Throw Flame       |     6 |    34 ||    40
       Conjure Flame     |     1 |     6 ||     7
  Use: Scroll            |     6 |     1 ||     7
 Stab: Sleeping          |     1 |       ||     1
